 Dungeon Crawl Stone Soup version 0.16.1-5-gaa23807 (webtiles) character file.

2314 wojtek the Cutter (level 9, -6/56 HPs)
             Began as a Kobold Assassin on Mar 28, 2015.
             Was an Elder of Makhleb.
             Incinerated by a smoke demon (7 damage)
             ... with a sticky flame
             ... on level 7 of the Dungeon.
             The game lasted 00:17:28 (8692 turns).

wojtek the Cutter (Kobold Assassin)                 Turns: 8692, Time: 00:17:28

Health: -6/56      AC: 13    Str:  9    XL:     9   Next: 68%
Magic:  15/15      EV: 13    Int: 17    God:    Makhleb [****..]
Gold:   704        SH:  0    Dex: 18    Spells: 0 memorised, 8 levels left

rFire  x . .     SeeInvis .     a - +0 dagger (drain)
rCold  + + .     Clarity  .     r - +0 ice dragon armour
rNeg   . . .     SustAb   .     (no shield)
rPois  .         Gourm    .     (no helmet)
rElec  .         Spirit   .     d - +0 cloak
rCorr  .         Warding  .     (no gloves)
rMut   .         Stasis   .     t - +0 pair of boots
MR     .....                    (no amulet)
Stlth  +.........               (no ring)
                                (no ring)

@: brilliant, liquid flames, glowing, not resistant to hostile enchantments,
very unstealthy
A: carnivore 3
a: Minor Destruction, Lesser Servant of Makhleb, Major Destruction, Renounce
Religion


You were on level 7 of the Dungeon.
You worshipped Makhleb.
Makhleb was greatly pleased with you.
You were very full.

You visited 1 branch of the dungeon, and saw 7 of its levels.
You also visited: Bailey.

You collected 704 gold pieces.

Inventory:

Hand weapons
 a - a +0 dagger of draining (weapon)
 b - a +0 blowgun
 w - a +2 dagger
 D - a +0 dagger of venom
Missiles
 e - 30 poisoned needles
 f - 2 curare-tipped needles
Armour
 c - a +0 robe
 d - a +0 cloak (worn)
 r - a +0 ice dragon armour (worn)
 s - a cursed +0 robe
 t - a +0 pair of boots (worn)
Jewellery
 F - an uncursed ring of flight {unknown}
 O - the ring of Edayloomo {rElec rN+ MP+9 Str-2 Int+4 Dex-5, unknown}
   (You found it on level 7 of the Dungeon)

   [ring of magical power]

   It affects your strength (-2).
   It affects your intelligence (+4).
   It affects your dexterity (-5).
   It insulates you from electricity.
   It protects you from negative energy.
   It affects your magic capacity (+9).
 P - an uncursed amulet of guardian spirit {unknown}
Magical devices
 y - a wand of confusion (22)
 z - a wand of draining (11)
 I - a wand of teleportation (0)
Scrolls
 j - 6 scrolls of identify {unknown}
 k - a scroll of magic mapping
 l - 2 scrolls of remove curse
 n - a scroll of amnesia {unknown}
 o - 2 scrolls of fog {unknown}
 x - a scroll of fear {unknown}
 A - 2 scrolls of teleportation {unknown}
 C - a scroll of noise {unknown}
 G - a scroll of blinking {unknown}
 K - a scroll of enchant armour {unknown}
Potions
 h - a potion of might {unknown}
 i - a potion of resistance {unknown}
 m - a potion of restore abilities {unknown}
 p - 4 potions of brilliance
 q - 4 potions of curing
 v - 3 potions of flight {unknown}
 B - a potion of lignification {unknown}
 E - a potion of haste {unknown}
 H - 2 potions of invisibility {unknown}
Books
 J - a book of Debilitation

   Spells                             Type                      Level
   a - Corona                         Hexes                        1
   b - Slow                           Hexes                        2
   c - Inner Flame                    Hexes/Fire                   3
   d - Enslavement                    Hexes                        4
   e - Cause Fear                     Hexes                        4
   f - Leda's Liquefaction            Hexes/Earth                  4
 L - the Almanac of Calling and Arcane Weapons
   (You found it on level 6 of the Dungeon)

   Spells                             Type                      Level
   a - Summon Butterflies             Summoning                    1
   b - Sticky Flame                   Conjuration/Fire             4
   c - Summon Lightning Spire         Summoning/Air                4
   d - Summon Demon                   Summoning                    5
   e - Iron Shot                      Conjuration/Earth            6
 N - a book of Frost

   Spells                             Type                      Level
   a - Freeze                         Ice                          1
   b - Throw Frost                    Conjuration/Ice              2
   c - Ozocubu's Armour               Charms/Ice                   3
   d - Throw Icicle                   Conjuration/Ice              4
   e - Summon Ice Beast               Ice/Summoning                4
   f - Condensation Shield            Ice                          4
Comestibles
 g - 5 meat rations


   Skills:
 + Level 6.6 Fighting
 - Level 7.1 Short Blades
 - Level 2.6 Throwing
 + Level 5.5 Armour
 + Level 6.8 Dodging
 - Level 5.3 Stealth
 + Level 3.7 Invocations


You had 8 spell levels left.
You didn't know any spells.

Dungeon Overview and Level Annotations

Branches:
Dungeon (7/15)             Temple (0/1) D:5

Altars:
Elyvilon
Fedhas
Kikubaaqudgha
Makhleb
Nemelex Xobeh
Okawaru
Sif Muna
Vehumet
The Shining One

Shops:
D:4 [   D:5 (


Innate Abilities, Weirdness & Mutations

You are small and have problems with some larger weapons.
You are carnivorous and can eat meat at any time.


Message History

You can't do that.
Use which ability? (? or * to list)
A demon appears!
It doesn't seem very happy.
You feel slightly less full.
The orc warrior hits you but does no damage.
The smoke demon gestures at you. The sticky flame hits you!
The fire burns you terribly!
You are covered in liquid flames!
Welcome back to the Dungeon!
You are covered in liquid flames!
* * * LOW HITPOINT WARNING * * *
There is an empty arch of ancient stone here.
Drink which item? (? for menu, Esc to quit)
It was a potion of curing.
You feel better.
You are covered in liquid flames!
* * * LOW HITPOINT WARNING * * *
The orc warrior hits you but does no damage.
You closely miss the orc warrior.
The orc warrior is heavily wounded.
You are covered in liquid flames!
You die...

# #.#(..#######..#*...>,*,**,*
# #...(.....).)..#*....,*,**,*
# ###...#######..##.....*,**<*
# #...# #....#.......,**,* #
#..)# #.##.........,,,,* #
####.).#####.####...[...,****
# #.(..<................#*,* #
#.##...###.#####.##...#*,* #
#,*#...# #.#@o.#.#,.,,.,,* #
*,*#...###.###.#.#,,,,,,,*
#****,*#.....#.#)#.#.#**,***,*
.,.......#...#.###.#.# *,* *,*
.**##.####..##l#...#.# *,***,*
,* #,* #.)##.#.###.#**,,,,,*
,** *,* #...#.#.#)#.#,*,,,,,**
*,*
#.#####.##.#.###.#,,,,,,,,**
*,*
#........#.#...#.#,,,,,,,,,*


You could see an orc warrior and a giant gecko.

Vanquished Creatures
  The ghost of Yermak the Cutter, an average SpBe of Trog (D:4)
  An ice beast (D:6)
  A sky beast (D:7)
  3 orc warriors
  An ogre (D:6)
  Duvessa (D:6)
  4 giant frogs
  Blork the orc (D:6)
  3 scorpions
  Dowan (D:6)
  A centaur zombie (D:6)
  2 crimson imps
  A giant frog skeleton (D:5)
  4 orc priests
  A jelly (D:5)
  2 hounds
  9 orc wizards
  A centaur skeleton (D:4)
  4 iguanas
  4 worker ants
  Ijyb (D:2)
  2 worker ant zombies
  7 gnolls
  6 adders
  2 giant mites
  5 worms
  4 giant geckos
  21 orcs
  A ball python (D:4)
  13 bats
  A bat skeleton (D:5)
  A giant cockroach (D:3)
  18 goblins
  9 hobgoblins
  2 quokkas
  9 giant newts
  37 kobolds
  A quokka skeleton (D:6)
  15 rats
201 creatures vanquished.

Vanquished Creatures (collateral kills)
  An orc warrior (Bailey)
1 creature vanquished.

Vanquished Creatures (others)
  A neqoxec (Bailey)
1 creature vanquished.

Grand Total: 203 creatures vanquished

Notes
Turn   | Place    | Note
--------------------------------------------------------------
     0 | D:1      | wojtek, the Kobold Assassin, began the quest for the Orb.
     0 | D:1      | Reached XP level 1. HP: 12/12 MP: 1/1
   348 | D:1      | Reached XP level 2. HP: 17/17 MP: 2/2
   583 | D:1      | Reached XP level 3. HP: 13/21 MP: 3/3
  1077 | D:2      | Noticed Ijyb
  1091 | D:2      | Killed Ijyb
  1091 | D:2      | Reached skill level 5 in Short Blades
  1130 | D:2      | Reached XP level 4. HP: 4/26 MP: 4/4
  1814 | D:2      | Found a burning altar of Makhleb.
  1939 | D:2      | Became a worshipper of Makhleb the Destroyer
  2096 | D:3      | Found an iron altar of Okawaru.
  2476 | D:3      | Found a blossoming altar of Fedhas.
  2599 | D:3      | Reached skill level 1 in Armour
  2599 | D:3      | Reached XP level 5. HP: 30/30 MP: 5/5
  2627 | D:3      | Reached skill level 6 in Short Blades
  3121 | D:3      | Acquired Makhleb's first power
  3325 | D:3      | You fall through a shaft for 3 floors!
  3325 | D:6      | Noticed an ice beast
  3327 | D:6      | Killed an ice beast
  3327 | D:6      | Reached skill level 7 in Short Blades
  3327 | D:6      | Reached XP level 6. HP: 35/35 MP: 6/6
  3334 | D:5      | Entered Level 5 of the Dungeon
  3483 | D:5      | Found a white marble altar of Elyvilon.
  3719 | D:5      | Reached XP level 7. HP: 34/40 MP: 7/7
  3772 | D:5      | Found a staircase to the Ecumenical Temple.
  3798 | D:5      | Found a glowing golden altar of the Shining One.
  4183 | D:5      | Found Jihaxil's Antique Weapon Boutique.
  4462 | D:5      | Acquired Makhleb's second power
  4773 | D:5      | Reached XP level 8. HP: 35/48 MP: 8/8
  5029 | D:4      | Found Nybopaps' Antique Armour Shop.
  5605 | D:4      | Noticed Yermak's ghost (average SpBe)
  5633 | D:4      | Killed Yermak's ghost
  5845 | D:4      | Reached skill level 5 in Dodging
  5975 | D:4      | Found an ancient bone altar of Kikubaaqudgha.
  5999 | D:4      | Found a sparkling altar of Nemelex Xobeh.
  5999 | D:4      | Found a deep blue altar of Sif Muna.
  6057 | D:4      | Found a radiant altar of Vehumet.
  6067 | D:4      | Reached skill level 5 in Fighting
  6359 | D:4      | Acquired Makhleb's third power
  7097 | D:6      | Noticed Dowan
  7099 | D:6      | Noticed Duvessa
  7100 | D:6      | Noticed Blork the orc
  7117 | D:6      | Killed Blork the orc
  7117 | D:6      | Reached skill level 1 in Invocations
  7137 | D:6      | Killed Duvessa
  7137 | D:6      | Reached XP level 9. HP: 54/54 MP: 11/11
  7187 | D:6      | Killed Dowan
  7353 | D:6      | Identified the Almanac of Calling and Arcane Weapons
  7790 | D:6      | Reached skill level 5 in Armour
  8086 | D:7      | Acquired Makhleb's fourth power
  8139 | D:7      | Got a brightly glowing ivory ring
  8158 | D:7      | Found a flagged portal.
  8419 | Bailey   | Entered a bailey
  8684 | Bailey   | Noticed a smoke demon
  8686 | Bailey   | HP: 1/56 [smoke demon/divine providence[the player character] (15)]
  8688 | Bailey   | Noticed a smoke demon
  8691 | D:7      | HP: 1/56 [burnt (10)]
  8692 | D:7      | Incinerated by a smoke demon

Action                   |  1- 3 |  4- 6 |  7- 9 || total
-------------------------+-------+-------+-------++-------
Melee: Dagger            |    63 |   279 |   842 ||  1184
 Fire: Blowgun           |     3 |    10 |    55 ||    68
Invok: Minor Destruction |       |       |    39 ||    39
       Lesser Servant of |       |       |     5 ||     5
  Use: Potion            |       |       |     3 ||     3
       Scroll            |       |       |     2 ||     2
 Stab: Sleeping          |     8 |     3 |     5 ||    16
       Distracted        |       |       |     1 ||     1
  Eat: Chunk             |     9 |     8 |    17 ||    34
